 Dungeon Crawl Stone Soup version 0.32-a0-119-g2e8054a333 (webtiles) character file.

Game seed: 4067055421887935659

44 seren the Ruffian (level 3, 0/29 HPs)
             Began as a Draconian Shapeshifter on Feb 6, 2024.
             Succumbed to a gnoll's poison
             ... on level 2 of the Dungeon.
             The game lasted 00:03:49 (1387 turns).

seren the Ruffian (Draconian Shapeshifter)          Turns: 1387, Time: 00:03:50

Health: 0/29       AC:  5    Str: 16    XL:     3   Next: 41%
Magic:  3/3        EV: 12    Int: 10    God:
Gold:   27         SH:  0    Dex: 12    Spells: 2/2 levels left

rFire   . .          .
                       - Unarmed
rCold   . . .        (no shield)
rNeg    + . .        (body armour unavailable)
rPois   .            (helmet currently unavailable)
rElec   .            (cloak currently unavailable)
rCorr   .            (gloves currently unavailable)
SInv    .            (boots currently unavailable)
Will    .....        (no amulet)
Stlth   +            g - ring of positive energy
HPRegen 0.24/turn    (no ring)
MPRegen 0.08/turn

%: no passive effects
@: lethally poisoned (0 -> -11), beast-form
A: beast (slay +1), AC +5, unfitting armour, cold-blooded
a: Begin Untransformation


You were on level 2 of the Dungeon.
You were a hulking beast.
You visited 1 branch of the dungeon, and saw 2 of its levels.

You collected 53 gold pieces.
You spent 26 gold pieces at shops.

Inventory:

Armour
 d - a +0 helmet
 i - a +0 buckler
Jewellery
 g - a ring of positive energy (left hand)
Talismans
 b - a beast talisman
 c - a flux talisman
Scrolls
 h - 4 scrolls of identify
Potions
 a - a potion of lignification
 f - a potion of berserk rage {unknown}
 j - a potion of enlightenment


   Skills:
 + Level 2.0 Fighting
 + Level 2.2 Dodging
 * Level 3.6 Unarmed Combat
 + Level 3.2 Shapeshifting


You had 2 spell levels left.
You didn't know any spells.
Your spell library contained the following spells:

 Spells                   Type           Power      Damage    Failure   Level
 Magic Dart               Conj           0%         1d3       36%         1
 Blink                    Tloc           0%         N/A       50%         2
 Call Imp                 Summ           0%         N/A       50%         2


Dungeon Overview and Level Annotations

Branches:
Dungeon (2/15)

Altars:

Shops:
D:1 ?*=*

Annotations:
D:2 Jessica


Innate Abilities, Weirdness & Mutations

You are a hulking beast.
Your limbs bulge with bestial killing power. (Slay +1)
Your plain brown scales are hard. (AC +5)
You cannot fit into any form of body armour.
You are cold-blooded and may be slowed by cold attacks.


Message History

You climb downwards.
Level annotation: Jessica
There is a stone staircase leading up here.
Found a scroll of identify and a ring mail.
h - 4 scrolls of identify (gained 1)
A bat comes into view.
The bat hits you but does no damage.
You punch the bat!
You kill the bat!
No target in view!
No target in view!
Found 5 stones.
A gnoll comes into view. It is wielding a +0 halberd of venom.
The gnoll shouts!
You hear a shout!
A gnoll comes into view. It is wielding a +0 flail.
A gnoll comes into view. It is wielding a +0 spear.
The gnoll hits you from afar with a +0 halberd of venom.
You are poisoned.
You feel sick.
You feel sick.
You feel sick.
You feel sick. The gnoll attacks as it pursues you!
The gnoll hits you from afar with a +0 halberd of venom.
* * * LOW HITPOINT WARNING * * *
You are more poisoned.
* * * LOW HITPOINT WARNING * * *
You feel very sick.
* * * LOW HITPOINT WARNING * * *
You feel sick.
* * * LOW HITPOINT WARNING * * *
You feel sick.
* * * LOW HITPOINT WARNING * * *
You feel sick.
You feel sick.
You feel sick.
You feel sick. The gnoll attacks as it pursues you!
The gnoll hits you from afar with a +0 halberd of venom.
* * * LOW HITPOINT WARNING * * *
You are more poisoned.
You die...

.......# #.#
#...#..#####.#
..........##.####
..†.....#.......#####
.......#####g##......
#...#........#...###
....g.#######..# .##
##.##########g###..#
##..# .........#h..#
....# .......#...#.#
##..#
.......##......[#
##..##.......
##.#.####
...#.#(......##.#....
##(.##.........###.###
##.# .......##.#.@.#
...# ......# ##..#.#
#### ..>... #..#.##.#


There were no monsters in sight!

Vanquished Creatures
  5 dart slugs (D:1)
  5 ball pythons
  2 bats
  3 endoplasms (D:1)
  4 goblins
  2 hobgoblins (D:1)
  4 kobolds (D:1)
  A quokka (D:2)
  2 frilled lizards
  3 rats (D:1)
31 creatures vanquished.

Notes
Turn   | Place    | Note
-------+----------+-------------------------------------------
     0 | D:1      | seren the Draconian Shapeshifter began the quest for the
                  | Orb.
     0 | D:1      | Reached XP level 1. HP: 16/16 MP: 1/1
    65 | D:1      | Found Jayzxa's General Store.
    66 | D:1      | Found Fisaduuff's Jewellery Shop.
    86 | D:1      | Reached XP level 2. HP: 23/23 MP: 2/2
   102 | D:1      | Found Ygogadomp's General Store.
   453 | D:1      | Reached XP level 3. HP: 20/29 MP: 3/3
   581 | D:1      | Found Ahouxkul's Magic Scroll Emporium.
   584 | D:1      | Bought a scroll of identify for 26 gold pieces
  1099 | D:2      | Noticed Jessica
  1387 | D:2      | Succumbed to a gnoll's poison

Illustrated notes

Levels and vault maps discovered:
D:1:      mrwooster_arrival_statue, layout_basic, serial_shops, shop,
          nicolae_shop_behind_doors, shop, shop, minmay_liquid_box,
          minmay_tromino_mix6
D:2:      layout_loops_cross, ebering_ecumenical_altar_webs, uniq_jessica

Skill      XL: |  1  2  3 |
---------------+----------+-----
Dodging        | 2 |  2.2
Fighting       | 2 |  2.0
Unarmed Combat | |  3.6
Shapeshifting  | |  3.2

Action                     || total
---------------------------++-------
  Melee: Unarmed           ||    73
         Tailslap          ||     7
         Punch             ||     2
    Use: Potion            ||     2
   Stab: Sleeping          ||     1
 Armour: Skin              ||    25
  Dodge: Dodged            ||    37

Table legend: (Time is in decaauts)
 A = Elapsed time spent in this place.
 B = Non-inter-level travel time spent in this place.
 C = Inter-level travel time spent in this place.
 D = Time resting spent in this place.
 E = Time spent auto-exploring this place.
 F = Levels seen in this place.
 G = Mean time per level.
                   A        B        C        D        E       F      G
               +--------+--------+--------+--------+--------+-----+--------+
         Total |   1393 |   1276 |    117 |     49 |    830 |   2 |  696.5 |
       Dungeon |   1393 |   1276 |    117 |     49 |    830 |   2 |  696.5 |
               +--------+--------+--------+--------+--------+-----+--------+

Top non-repeatable levels by time:
     D:1: 1094 daAuts
     D:2: 298 daAuts
